 Dungeon Crawl Stone Soup version 0.30-a0-373-gd37427bb62 (webtiles) character file.

Game seed: 17928589586358332577

4749 experimilk the Destroyer (level 10, -6/69 HPs)
             Began as a Red Draconian Conjurer on Nov 23, 2022.
             Was a Believer of Hepliaklqana.
             Mangled by a polar bear (22 damage)
             ... on level 8 of the Dungeon on Nov 24, 2022.
             The game lasted 00:23:18 (9849 turns).

experimilk the Destroyer (Red Draconian Conjurer)   Turns: 9849, Time: 00:23:19

Health: -6/69      AC: 11    Str:  9    XL:     10   Next: 23%
Magic:  2/28       EV: 16    Int: 23    God:    Hepliaklqana [**....]
Gold:   480        SH:  0    Dex: 10    Spells: 5/21 levels left

rFire   + . .      SeeInvis .    z - +2 spear (vorpal)
rCold   . . .      Faith    .    (no shield)
rNeg    . . .      Spirit   .    (body armour unavailable)
rPois   .          Reflect  .    (helmet restricted)
rElec   .          Harm     .    h - +2 cloak
rCorr   .          Rampage  .    k - +0 pair of gloves
Will    .....                    (no boots)
Stlth   ++........               (no amulet)
HPRegen 0.31/turn                g - +4 ring of evasion
MPRegen 0.21/turn                u - ring of magical power

@: studying Staves
A: reduced essence, breathe fire, AC +7, unfitting armour, fire resistance 1,
cold-blooded
a: Breathe Fire, Renounce Religion, Recall Ancestor, Ancestor Identity


You were on level 8 of the Dungeon.
You worshipped Hepliaklqana.
Hepliaklqana was pleased with you.
You visited 1 branch of the dungeon, and saw 8 of its levels.

You collected 480 gold pieces.

Inventory:

Hand Weapons
 z - a +2 vorpal spear (weapon)
Armour
 h - a +2 cloak (worn)
 k - a +0 pair of gloves (worn)
Jewellery
 g - a +4 ring of evasion (left hand)
 u - a ring of magical power (right hand)
Wands
 r - a wand of paralysis (6)
Scrolls
 a - 2 scrolls of torment {unknown}
 f - a scroll of blinking {unknown}
 i - 2 scrolls of acquirement {unknown}
 j - a scroll of enchant armour {unknown}
 l - a scroll of immolation {unknown}
 o - 6 scrolls of enchant weapon
 p - 2 scrolls of poison {unknown}
 s - a scroll of silence {unknown}
 t - 2 scrolls of noise {unknown}
 w - a scroll of magic mapping {unknown}
 y - a scroll of butterflies {unknown}
Potions
 b - a potion of cancellation
 c - 6 potions of curing
 e - 3 potions of invisibility
 m - 2 potions of lignification {unknown}
 n - 3 potions of resistance
 q - 2 potions of might
 v - a potion of brilliance {unknown}
 x - a potion of haste {unknown}


   Skills:
 - Level 3.0 Fighting
 - Level 1.7 Dodging
 - Level 1.7 Stealth
 + Level 6.0 Spellcasting
 - Level 12.0 Conjurations
 - Level 3.0 Translocations
 * Level 6.1 Air Magic
 + Level 0.7 Invocations


You had 5 spell levels left.
You knew the following spells:

 Your Spells              Type           Power      Damage    Failure   Level
a - Lightning Bolt        Conj/Air       24%        1d39      5%          5
b - Magic Dart            Conj           100%       1d8       1%          1
q - Apportation           Tloc           40%        N/A       2%          1
s - Vhi's Electric Charg  Tloc/Air       56%        N/A       3%          3
x - Iskenderun's Mystic   Conj/Tloc      41%        2d9       3%          4
z - Searing Ray           Conj           100%       2d8       1%          2

Your spell library contained the following spells:

 Spells                   Type           Power      Damage    Failure   Level
 Static Discharge         Conj/Air       96%        2-6/arc   1%          2
 Dazzling Flash           Conj/Hex       68%        N/A       2%          3
 Arcjolt                  Conj/Air       24%        1d34      5%          5
 Fulminant Prism          Conj/Hex       17%        3d10      7%          4
 Necrotise                Necr           24%        1d5       9%          1
 Slow                     Hex            24%        N/A       9%          1
 Summon Small Mammal      Summ           24%        N/A       9%          1
 Sublimation of Blood     Necr           6%         N/A       13%         2
 Irradiate                Conj/Tmut      17%        3d17      21%         5
 Confusing Touch          Hex            6%         N/A       26%         3
 Vampiric Draining        Necr           6%         2d6       26%         3
 Petrify                  Tmut/Erth      6%         N/A       63%         4


Dungeon Overview and Level Annotations

Branches:
Dungeon (8/15)             Temple (0/1) D:7
   Lair: D:8-11

Altars:
Ashenzari
Hepliaklqana
Nemelex Xobeh
Okawaru
Qazlal
Vehumet
Wu Jian
Yredelemnul
Zin

Shops:
D:7 *

Annotations:
D:3 1 runed translucent door


Innate Abilities, Weirdness & Mutations

Your life essence is reduced to manifest your ancestor. (-10% HP)
You can breathe blasts of fire.
Your fiery red scales are hard. (AC +7)
You cannot fit into any form of body armour.
Your flesh is heat resistant. (rF+)
You are cold-blooded and may be slowed by cold attacks.


Message History

The polar bear misses you.
The polar bear claws you but does no damage.
Training target 12.0 for Conjurations reached!
Training target 6.0 for Spellcasting reached!
Your Spellcasting skill increases to level 6!
Your Conjurations skill increases to level 12!
You need to enable at least one skill for training.
You hit the polar bear. You tail-slap the polar bear.
The polar bear is severely wounded.
Nenetl hits the polar bear with a +0 flail.
The polar bear goes berserk!
Unknown command.
You hit the polar bear but do no damage.
The polar bear is severely wounded.
The polar bear barely misses you. The polar bear closely misses you.
The polar bear completely misses you.
Nenetl hits the polar bear with a +0 flail.
The polar bear misses you. The polar bear claws you. x2
Nenetl barely misses the polar bear.
You hit the polar bear.
The polar bear is severely wounded.
The polar bear closely misses you. The polar bear misses you.
The polar bear barely misses you.
Nenetl hits the polar bear with a +0 flail.
The polar bear bites you. The polar bear barely misses you. x2
Unknown command.
You hit the polar bear but do no damage.
The polar bear is severely wounded.
The polar bear misses you. x2
The polar bear claws you but does no damage.
Nenetl hits the polar bear with a +0 flail!
Unknown command.
You hit the polar bear.
The polar bear is almost dead.
You have got your breath back.
The polar bear bites you!!
* * * LOW HITPOINT WARNING * * *
The polar bear misses you. The polar bear closely misses you.
The polar bear bites you!!
You die...

.. ... #.. ... )..
#...# .. ... #...#.# ..
# #.# ......###.#.#.
#..## ##...#........
#...# #.......†.....
##..##### #....hR..#...
##.....# #....@.......
#.###.###.#..........
#.#.[...#..........##
####)#R#.#.#.....~.#.##
.)).)#.#..>'........##
#)†..#.###.#........#
#.##.#.# #.#........#
#.<††..# ###........#
##†#.### #........#


You could see the friendly Nenetl the knight and a polar bear (berserk, ally
target).

Vanquished Creatures
  Pikel (D:5)
  A rime drake (D:8)
  Maggie (D:7)
  A polar bear (D:8)
  A steam dragon (D:6)
  An orc warrior (D:6)
  2 ice beasts
  A sky beast (D:6)
  A wolf (D:8)
  An ogre (D:4)
  2 centaurs
  A lemure (D:5)
  2 phantoms
  A kobold brigand (D:8)
  2 bullfrogs
  4 scorpions
  7 wights
  5 killer bees
  A howler monkey (D:5)
  4 hounds
  4 orc priests
  A gnoll bouda (D:7)
  6 iguanas
  6 orc wizards
  A human skeleton (D:3)
  10 adders
  9 gnolls
  A shadow imp (D:5)
  A white imp (D:5)
  An ufetubus (D:6)
  2 worms
  A dart slug (D:5)
  12 orcs
  9 ball pythons
  7 bats
  7 endoplasms
  2 giant cockroaches
  8 goblins
  20 hobgoblins
  7 quokkas
  7 frilled lizards
  A goblin skeleton (D:3)
  16 kobolds
  A kobold skeleton (D:3)
  3 rats
183 creatures vanquished.

Vanquished Creatures (collateral kills)
  A wyvern (D:8)
  A steam dragon (D:6)
  A bullfrog (D:6)
  A wight (D:7)
  3 killer bees (D:8)
  A jelly (D:6)
  2 orc priests (D:7)
  3 gnolls (D:7)
  An orc (D:7)
  A kobold (D:8)
15 creatures vanquished.

Vanquished Creatures (others)
  An ancestor (D:6)
  A knight (D:7)
  A plant (D:5)
3 creatures vanquished.

Grand Total: 201 creatures vanquished

Notes
Turn   | Place    | Note
-------+----------+-------------------------------------------
     0 | D:1      | experimilk the Draconian Conjurer began the quest for the
                  | Orb.
     0 | D:1      | Reached XP level 1. HP: 14/14 MP: 3/3
    39 | D:1      | Reached XP level 2. HP: 20/20 MP: 0/5
    42 | D:1      | Learned a level 2 spell: Searing Ray
   430 | D:1      | Reached skill level 5 in Conjurations
   457 | D:1      | Reached XP level 3. HP: 26/26 MP: 3/6
  1437 | D:2      | Reached XP level 4. HP: 33/33 MP: 4/7
  1442 | D:2      | Learned a level 4 spell: Iskenderun's Mystic Blast
  1757 | D:2      | Reached skill level 6 in Conjurations
  2249 | D:2      | Reached XP level 5. HP: 38/38 MP: 2/8
  2887 | D:3      | Noticed a human
  2888 | D:3      | Found a runed translucent door.
  2894 | D:3      | Found a basalt altar of Yredelemnul.
  3589 | D:4      | Noticed an ogre
  3593 | D:4      | Killed an ogre
  3594 | D:4      | Reached skill level 7 in Conjurations
  3594 | D:4      | Reached XP level 6. HP: 45/45 MP: 3/9
  4049 | D:4      | Reached skill level 8 in Conjurations
  4050 | D:4      | Your scales start taking on a fiery red colour.
  4050 | D:4      | Reached XP level 7. HP: 45/50 MP: 3/10
  4050 | D:4      | Gained mutation: Your flesh is heat resistant. (rF+) [Red
                  | Draconian growth]
  4106 | D:4      | Learned a level 1 spell: Apportation
  4207 | D:4      | Reached skill level 9 in Conjurations
  4880 | D:5      | Entered Level 5 of the Dungeon
  5039 | D:5      | Found a sparkling altar of Nemelex Xobeh.
  5085 | D:5      | Found a faded altar of an unknown god.
  5085 | D:5      | Found a faded altar of an unknown god.
  5085 | D:5      | Found a hazy altar of Hepliaklqana.
  5385 | D:5      | Became a worshipper of Hepliaklqana the Forgotten
  5871 | D:5      | Reached skill level 10 in Conjurations
  6049 | D:5      | Noticed Pikel
  6056 | D:5      | Reached skill level 1 in Fighting
  6056 | D:5      | Reached XP level 8. HP: 52/59 MP: 3/11
  6060 | D:5      | Killed Pikel
  6279 | D:5      | Found an ornate altar of the Wu Jian Council.
  6728 | D:5      | Learned a level 3 spell: Vhi's Electric Charge
  6822 | D:6      | Reached * piety under Hepliaklqana
  6824 | D:6      | Found a radiant altar of Vehumet.
  6851 | D:6      | Reached skill level 11 in Conjurations
  6907 | D:6      | Reached skill level 1 in Air Magic
  6992 | D:6      | Found an iron altar of Okawaru.
  6992 | D:6      | Found a broken altar of Ashenzari.
  7239 | D:6      | Reached XP level 9. HP: 62/62 MP: 9/15
  7666 | D:6      | Found a glowing silver altar of Zin.
  7666 | D:6      | Found a stormy altar of Qazlal.
  8242 | D:7      | Reached ** piety under Hepliaklqana
  8243 | D:7      | Remembered your ancestor Nenetl as a knight
  8260 | D:7      | Reached skill level 1 in Translocations
  8606 | D:7      | Found a staircase to the Ecumenical Temple.
  8879 | D:7      | Noticed Maggie
  8892 | D:7      | Killed Maggie
  8893 | D:7      | Reached skill level 5 in Spellcasting
  8893 | D:7      | Reached skill level 5 in Air Magic
  9204 | D:7      | Found Quqor's Assorted Antiques.
  9633 | D:8      | Learned a level 5 spell: Lightning Bolt
  9647 | D:8      | Reached XP level 10. HP: 69/69 MP: 5/17
  9845 | D:8      | Reached skill level 12 in Conjurations
  9849 | D:8      | Mangled by a polar bear

Illustrated notes

Levels and vault maps discovered:
D:1:      elethiomel_arrival_quiet, layout_rooms
D:2:      cheibrodos_greedy_goblins, layout_loops_corners, hex_large
D:3:      layout_loops_ring, dk_yredelemnul_ordeal, nrook_mini_backslash
D:4:      layout_cave_pods, minmay_manual_mandibuliform
D:5:      layout_loops_corners, nzn_wu_jian_contemplation,
          nemelex_spade_bored_becter, nicolae_hepliaklqana_ecumenical_no_more,
          uniq_pikel
D:6:      layout_loops_corners, mainiacjoe_overflow_alcove_1,
          amethyst_overflow_temple_binary, mainiacjoe_overflow_divided_tiny,
          hex_medium
D:7:      layout_rooms, temple_pool_b, serial_shops, kennysheep_little_box,
          uniq_maggie
D:8:      layout_basic, hellmonk_lair_entry_icy, disabler_island

Skill      XL: |  1  2  3  4  5  6  7  8  9 10 |
---------------+-------------------------------+-----
Conjurations   | 5 6 7 8 10 11 12 | 12.0
Fighting       | 1 3 |  3.0
Spellcasting   | 4 5 6 |  6.0
Air Magic      | 2 5 6 |  6.1
Translocations | 2 3 |  3.0
Dodging        | |  1.7
Stealth        | |  1.7
Invocations    | |  0.7

Action                   |  1- 3 |  4- 6 |  7- 9 | 10-12 || total
-------------------------+-------+-------+-------+-------++-------
Melee: Short sword       |     5 |     2 |       |       ||     7
       Spear             |       |    22 |    28 |    19 ||    69
       Tailslap          |       |       |     1 |     2 ||     3
 Cast: Magic Dart        |    53 |    63 |   101 |     5 ||   222
       Searing Ray       |     4 |    19 |    43 |     1 ||    67
       Iskenderun's Myst |       |       |     5 |     2 ||     7
       Lightning Bolt    |       |       |     1 |     3 ||     4
       Vhi's Electric Ch |       |       |     1 |     2 ||     3
Invok: Ancestor Life: Kn |       |       |     1 |       ||     1
 Abil: Breathe Fire      |       |       |    14 |     2 ||    16
  Use: Scroll            |     1 |     2 |     5 |       ||     8
       Potion            |       |       |     1 |       ||     1
Armor: Skin              |     4 |    10 |    27 |    10 ||    51
Dodge: Dodged            |     7 |    33 |    56 |    26 ||   122

Table legend: (Time is in decaauts)
 A = Elapsed time spent in this place.
 B = Non-inter-level travel time spent in this place.
 C = Inter-level travel time spent in this place.
 D = Time resting spent in this place.
 E = Time spent auto-exploring this place.
 F = Levels seen in this place.
 G = Mean time per level.
                   A        B        C        D        E       F      G
               +--------+--------+--------+--------+--------+-----+--------+
         Total |   9853 |   9651 |    202 |   2668 |   5868 |   8 | 1231.6 |
       Dungeon |   9853 |   9651 |    202 |   2668 |   5868 |   8 | 1231.6 |
               +--------+--------+--------+--------+--------+-----+--------+

Top non-repeatable levels by time:
     D:5: 1895 daAuts
     D:2: 1553 daAuts
     D:6: 1526 daAuts
     D:7: 1325 daAuts
     D:4: 1293 daAuts
     D:3: 1108 daAuts
     D:1: 925 daAuts
     D:8: 225 daAuts
